 Dungeon Crawl Stone Soup version 0.17-a0-1572-g7a1422d (webtiles) character file.

106 Kassandra the Insei (level 4, -2/35 HPs)
             Began as a Demonspawn Chaos Knight on July 25, 2015.
             Killed from afar by Fv001's ghost (6 damage)
             ... with a puff of frost
             ... on level 3 of the Dungeon.
             The game lasted 00:06:22 (2298 turns).

Kassandra the Insei (Demonspawn Chaos Knight)       Turns: 2298, Time: 00:06:22

Health: -2/35      AC:  5    Str: 12    XL:     4   Next: 55%
Magic:  4/4        EV: 11    Int: 14    God:    Xom [.....*]
Gold:   145        SH:  0    Dex: 13    Spells: 0 memorised, 3 levels left

rFire  . . .     SeeInvis .       - Unarmed
rCold  . . .     Clarity  .     a - +2 leather armour
rNeg   . . .     SustAt   .     (no shield)
rPois  .         Gourm    .     (no helmet)
rElec  .         Spirit   .     (no cloak)
rCorr  .         Warding  .     (no gloves)
rMut   .         Stasis   .     (no boots)
MR     .....                    (no amulet)
Stlth  +.........               (no ring)
                                (no ring)

@: not resistant to hostile enchantments, very unstealthy
A: spiny 1
a: Renounce Religion


You were on level 3 of the Dungeon.
You worshipped Xom.
You were Xom's teddy bear.
You were not hungry.

You visited 1 branch of the dungeon, and saw 3 of its levels.

You collected 145 gold pieces.

Inventory:

Armour
 a - a +2 leather armour (worn)
Jewellery
 c - an uncursed ring of protection from magic {unknown}
 e - a +4 ring of strength {unknown}
 f - an uncursed amulet of the gourmand {unknown}
Scrolls
 d - 2 scrolls of remove curse
Potions
 j - 2 potions of curing {unknown}
 l - a potion of lignification {unknown}
 m - a potion of magic {unknown}
Comestibles
 b - a bread ration
 g - a slice of pizza
 h - 2 meat rations
 i - 3 fruits


   Skills:
 - Level 3.0 Fighting
 - Level 1.7 Armour
 - Level 0.8 Dodging
 + Level 4.9 Unarmed Combat


You had 3 spell levels left.
You didn't know any spells.

Dungeon Overview and Level Annotations

Branches:
Dungeon (3/15)

Altars:
Elyvilon
Makhleb
Trog

Annotations:
D:3 Fv001's ghost, weakling TrIE


Innate Abilities, Weirdness & Mutations

You are partially covered in sharp spines.


Message History

Fv001's ghost is nearby!
You hit Fv001's ghost but do no damage. Fv001's ghost hits you.
A hobgoblin comes into view. It is wielding a club.
The hobgoblin shouts!
You hit Fv001's ghost but do no damage.
Fv001's ghost gestures at you while chanting.
You are frozen.
You barely miss Fv001's ghost. Fv001's ghost hits you!
You closely miss Fv001's ghost. You hit Fv001's ghost but do no damage.
Xom's power touches on a nearby monster.
Fv001's ghost hits you!
You hit Fv001's ghost but do no damage.
Fv001's ghost gestures at you while chanting.
The puff of frost hits you!
* * * LOW HITPOINT WARNING * * *
Fv001's ghost points at you and mumbles some strange words.
The puff of frost hits you!
You die...
Xom guffaws!

## #.. ... #.#
..####.#
.#...#..#
...#.#..##
.....g. ##...#
#..W.#
####...@#
........#
#####...# #...#
####...# ######
#.....####....#
##...##.<#..#.#
#...#...#..#.#
+#...#..##..#.#


You could see Fv001's ghost and a hobgoblin.

Vanquished Creatures
  2 adders (D:2)
  3 oozes
  2 worms
  3 giant geckos
  An orc (D:3)
  5 bats
  5 giant cockroaches
  6 goblins
  10 hobgoblins
  4 jackals (D:3)
  9 kobolds
  A quokka (D:2)
  A ball python (D:1)
  6 giant newts
  7 rats
65 creatures vanquished.

Notes
Turn   | Place    | Note
--------------------------------------------------------------
     0 | D:1      | Kassandra the Demonspawn Chaos Knight began the quest for the Orb.
     0 | D:1      | Reached XP level 1. HP: 18/18 MP: 1/1
     3 | D:1      | XOM: harmless Fire miscast
    17 | D:1      | XOM: silly message
   151 | D:1      | XOM: harmless Pois miscast
   213 | D:1      | XOM: mild Hex miscast
   253 | D:1      | XOM: butterfly on damage
   256 | D:1      | Gained mutation: You are partially covered in sharp spines. [demonic ancestry]
   256 | D:1      | Reached XP level 2. HP: 12/24 MP: 2/2
   417 | D:1      | XOM: divination: detect items
   659 | D:1      | XOM: enchant monster (bad)
   693 | D:1      | XOM: divination: detect items
   752 | D:1      | Reached XP level 3. HP: 29/29 MP: 3/3
  1223 | D:2      | Reached skill level 4 in Unarmed Combat
  1238 | D:2      | Found a bloodstained altar of Trog.
  1450 | D:2      | Found a white marble altar of Elyvilon.
  1618 | D:2      | Reached XP level 4. HP: 35/35 MP: 4/4
  2106 | D:3      | Found a burning altar of Makhleb.
  2244 | D:3      | XOM: harmless Chrm miscast
  2266 | D:3      | XOM: mild Tloc miscast
  2286 | D:3      | Noticed Fv001's ghost (weakling TrIE)
  2296 | D:3      | XOM: enchant monster (good)
  2298 | D:3      | Killed from afar by Fv001's ghost

Vault maps used:
D:1:      ncdulo_watergridlock
D:2:      bloody_trog, elyvilon_altar_4
D:3:      lemuel_round_altar, lemuel_round_altar, old_standard_altar,
          grunt_ministairs_6, kennysheep_small_spiral, uniq_sigmund

Action                   |  1- 3 |  4- 6 || total
-------------------------+-------+-------++-------
Melee: Unarmed           |    82 |    42 ||   124
  Use: Scroll            |       |     4 ||     4
       Potion            |       |     1 ||     1
  Eat: Chunk             |     2 |     2 ||     4
